 Dungeon Crawl Stone Soup version 0.30-a0-122-g2a1322497e (webtiles) character file.

Game seed: 16284529026575411905

602 NinjaNoafa the Digger (level 7, -11/39 HPs)
             Began as a Gargoyle Earth Elementalist on Sept 15, 2022.
             Was an Initiate of the Shining One.
             Mangled by an iguana (12 damage)
             ... on level 5 of the Dungeon.
             The game lasted 00:08:58 (3513 turns).

NinjaNoafa the Digger (Gargoyle Earth Elementalist) Turns: 3513, Time: 00:08:59

Health: -11/39     AC:  8    Str:  9 (12) XL:     7   Next: 41%
Magic:  8/11       EV: 11    Int: 17      God:    the Shining One [......]
Gold:   194        SH:  0    Dex: 10      Spells: 9/12 levels left

rFire   x . .      SeeInvis .    g - staff of cold
rCold   + + .      Faith    .    (no shield)
rNeg    + . .      Spirit   .    a - +1 robe
rPois   ∞          Reflect  .    (no helmet)
rElec   +          Harm     .    (no cloak)
rCorr   .          Rampage  .    p - +0 pair of gloves
Will    .....                    (no boots)
Stlth   +.........               (no amulet)
HPRegen 0.13/turn                q - ring of ice
MPRegen 0.12/turn                (no ring)

@: glowing
A: sickness immunity, AC +4, negative energy resistance 1, electricity
resistance, torment resistance 1, petrification resistance
a: Renounce Religion


You were on level 5 of the Dungeon.
You worshipped the Shining One.
The Shining One was noncommittal.
You visited 1 branch of the dungeon, and saw 6 of its levels.

You collected 194 gold pieces.

Inventory:

Hand Weapons
 n - a +5 short sword of venom
Missiles
 e - 49 stones
 m - 8 poisoned darts
Armour
 a - a +1 robe (worn)
 p - a +0 pair of gloves (worn)
Magical Staves
 g - a staff of cold (weapon)
Jewellery
 q - a ring of ice (left hand)
Wands
 i - a wand of mindburst (21)
Scrolls
 b - a scroll of magic mapping
 d - a scroll of teleportation {unknown}
Potions
 c - 6 potions of flight
 h - a potion of ambrosia


   Skills:
 + Level 1.9 Fighting
 + Level 1.7 Staves
 - Level 1.5 Dodging
 - Level 2.1 Stealth
 - Level 3.0 Spellcasting
 - Level 3.0 Transmutations
 - Level 3.0 Ice Magic
 - Level 5.0 Earth Magic
 - Level 3.0 Evocations


You had 9 spell levels left.
You knew the following spells:

 Your Spells              Type           Power      Damage    Failure   Level
a - Sandblast             Erth           38%        2d10      2%          1
b - Passwall              Tmut/Erth      13%        N/A       4%          2

Your spell library contained the following spells:

 Spells                   Type           Power      Damage    Failure   Level
 Magic Dart               Conj           8%         1d3       17%         1
 Stone Arrow              Conj/Erth      22%        3d8       19%         3
 Scorch                   Fire           4%         2d5       26%         2
 Searing Ray              Conj           4%         2d4       26%         2
 Petrify                  Tmut/Erth      16%        N/A       32%         4
 Animate Dead             Necr           2%         N/A       86%         4
 Flame Wave               Conj/Fire      2%         2d4       86%         4
 Fulminant Prism          Conj/Hex       1%         3d6       86%         4
 Borgnjor's Vile Clutch   Necr/Erth      5%         N/A       86%         5
 Death Channel            Necr           1%         N/A       100%        6
 Summon Cactus Giant      Summ           1%         N/A       100%        6


Dungeon Overview and Level Annotations

Branches:
Dungeon (6/15)
 Temple: D:4-7

Altars:
Elyvilon
Hepliaklqana
Nemelex Xobeh
Ru
Wu Jian
The Shining One


Innate Abilities, Weirdness & Mutations

You are immune to sickness and miasma.
Your stone body is resilient. (AC +4)
You are immune to poison.
You resist negative energy. (rN+)
You are resistant to electric shocks. (rElec)
You are resistant to unholy torment.
You are immune to petrification.


Message History

The iguana is moderately wounded.
The iguana bites you!
You hit the iguana but do no damage. You freeze the iguana.
The iguana seems to slow down.
The iguana is moderately wounded.
The iguana bites you.
You hit the iguana.
The iguana is moderately wounded.
The iguana is no longer moving slowly.
The iguana barely misses you.
Casting: Sandblast (safe; 2% risk of failure)
Confirm with . or Enter, or press ? or * to list all spells.
Aiming: Sandblast (safe; 2% risk of failure)
Press: ? - help, Shift-Dir - straight line, f/p - iguana
Aim: an iguana (moderately wounded, 84% to hit)
The blast of sand hits the iguana but does no damage.
The iguana is moderately wounded.
The iguana bites you.
* * * LOW HITPOINT WARNING * * *
You closely miss the iguana.
The iguana is moderately wounded.
The iguana barely misses you.
You hit the iguana but do no damage.
The iguana is moderately wounded.
The iguana closely misses you. The iguana bites you.
* * * LOW HITPOINT WARNING * * *
You feel better. The iguana barely misses you.
You hit the iguana.
The iguana is heavily wounded.
The iguana bites you!
* * * LOW HITPOINT WARNING * * *
Unknown command.
Casting: Sandblast (safe; 2% risk of failure)
Confirm with . or Enter, or press ? or * to list all spells.
Aiming: Sandblast (safe; 2% risk of failure)
Press: ? - help, Shift-Dir - straight line, f/p - iguana
Aim: an iguana (heavily wounded, 84% to hit)
The blast of sand hits the iguana!
The iguana is almost dead.
The iguana bites you!
You die...

##...### ... #
....#.###.... ..
.......#.... #..
..?.......# ..
.........#
..##.##.........
................
#...†>@l......
##...†........
#...##..........
#.. ##.........
. ..........
...........
...........
.!..........


You could see an iguana.

Vanquished Creatures
  A water moccasin (D:5)
  2 ogres (D:4)
  2 scorpions
  A hound (D:6)
  An orc wizard (D:6)
  3 gnolls (D:4)
  5 adders
  A worm (D:2)
  A dart slug (D:3)
  10 orcs
  8 ball pythons
  5 bats
  5 endoplasms
  4 giant cockroaches
  6 goblins
  4 hobgoblins
  4 jackals (D:5)
  12 kobolds
  A quokka (D:1)
  3 frilled lizards (D:1)
  7 rats
86 creatures vanquished.

Vanquished Creatures (others)
  5 plants (D:1)
  4 withered plants (D:1)
9 creatures vanquished.

Grand Total: 95 creatures vanquished

Notes
Turn   | Place    | Note
-------+----------+-------------------------------------------
     0 | D:1      | NinjaNoafa the Gargoyle Earth Elementalist began the quest
                  | for the Orb.
     0 | D:1      | Reached XP level 1. HP: 10/10 MP: 3/3
    63 | D:1      | Reached skill level 1 in Transmutations
   143 | D:1      | Reached XP level 2. HP: 15/15 MP: 1/5
   442 | D:1      | Reached skill level 4 in Earth Magic
   453 | D:1      | Reached XP level 3. HP: 15/19 MP: 4/6
   457 | D:1      | Reached skill level 1 in Evocations
   726 | D:1      | Found a faded altar of an unknown god.
  1421 | D:2      | Learned a level 2 spell: Passwall
  1508 | D:2      | Reached XP level 4. HP: 24/24 MP: 4/7
  2746 | D:3      | Found a hazy altar of Hepliaklqana.
  2746 | D:3      | Found a sacrificial altar of Ru.
  2785 | D:4      | Reached XP level 5. HP: 28/28 MP: 6/9
  2798 | D:4      | Noticed an ogre
  2806 | D:4      | Reached skill level 5 in Earth Magic
  2809 | D:4      | Killed an ogre
  2810 | D:4      | Reached XP level 6. HP: 24/32 MP: 1/10
  2910 | D:4      | Reached skill level 1 in Ice Magic
  2972 | D:4      | You fall into a shaft and drop 2 floors!
  2985 | D:5      | Entered Level 5 of the Dungeon
  2985 | D:5      | Found a sparkling altar of Nemelex Xobeh.
  2985 | D:5      | Found a white marble altar of Elyvilon.
  2985 | D:5      | Found an ornate altar of the Wu Jian Council.
  2985 | D:5      | Found a glowing golden altar of the Shining One.
  3007 | D:5      | Became a worshipper of the Shining One
  3143 | D:6      | Reached XP level 7. HP: 16/36 MP: 1/11
  3355 | D:5      | Reached skill level 1 in Fighting
  3355 | D:5      | Reached skill level 1 in Staves
  3512 | D:5      | HP: 1/39 [iguana (11)]
  3513 | D:5      | Mangled by an iguana

Illustrated notes

Levels and vault maps discovered:
D:1:      elethiomel_arrival_shortcut, layout_basic,
          shapermc_ecumenical_altar_flowoftime
D:2:      layout_basic
D:3:      layout_basic, nicolae_overflow_two_pavilions
D:4:      layout_rooms, portal_sewer_entry_b, hangedman_decor_riveting,
          minivault_24
D:5:      layout_cave_pools, nicolae_overflow_hidden_temple, enter_ossuary_3,
          hangedman_abyss_or_decor_stagger
D:6:      layout_basic, minmay_temple_entry_tees, hellmonk_bongcloud_opening

Skill      XL: |  1  2  3  4  5  6  7 |
---------------+----------------------+-----
Transmutations | 1 2 3 |  3.0
Earth Magic    | 4 5 |  5.0
Evocations     | 1 2 3 |  3.0
Spellcasting   | 3 |  3.0
Ice Magic      | 2 3 |  3.0
Fighting       | 1 |  1.9
Staves         | 1 |  1.7
Dodging        | |  1.5
Stealth        | |  2.1

Action                   |  1- 3 |  4- 6 |  7- 9 || total
-------------------------+-------+-------+-------++-------
Melee: Unarmed           |    10 |       |       ||    10
       Dagger            |    25 |       |       ||    25
       Short sword       |       |     6 |       ||     6
       Staff             |       |    18 |    18 ||    36
 Cast: Sandblast         |    53 |    57 |    11 ||   121
  Use: Potion            |     1 |     3 |     7 ||    11
       Scroll            |     2 |     6 |       ||     8
Armor: Robe              |    17 |    24 |    20 ||    61
       Skin              |       |       |    70 ||    70
Dodge: Dodged            |    34 |    40 |    44 ||   118

Table legend: (Time is in decaauts)
 A = Elapsed time spent in this place.
 B = Non-inter-level travel time spent in this place.
 C = Inter-level travel time spent in this place.
 D = Time resting spent in this place.
 E = Time spent auto-exploring this place.
 F = Levels seen in this place.
 G = Mean time per level.
                   A        B        C        D        E       F      G
               +--------+--------+--------+--------+--------+-----+--------+
         Total |   3579 |   3328 |    251 |      0 |   2661 |   6 |  596.5 |
       Dungeon |   3579 |   3328 |    251 |      0 |   2661 |   6 |  596.5 |
               +--------+--------+--------+--------+--------+-----+--------+

Top non-repeatable levels by time:
     D:2: 1197 daAuts
     D:1: 1065 daAuts
     D:3: 545 daAuts
     D:6: 341 daAuts
     D:5: 217 daAuts
     D:4: 212 daAuts
